AoeStats
← [AFK]The_Offwo

Arena

509677189Analyzed
1v1 RM · 4d ago on Sep 27, 2026· 35m 10s· 2 players
Game mode
Random Map
Map size
Tiny (2 player)
Population
200
Speed
Normal
Resources
Standard
Victory
Conquest
Starting age
Dark Age
Ending age
Imperial Age
RankedLock teamsTeams togetherTeam positionsShared explorationLock speedFull tech treeHidden civsTurbo modeCheats
Victory
Defeat
🇪🇸 Turks · Spain
1712
+10
🇬🇧 Teutons · United Kingdom
1587
-10
korn
9:51 Loom
11:41 Feudal Age
12:51 Double-Bit Axe
12:56 Gold Mining
15:44 Castle Age
19:58 Imperial Age
17:18 Horse Collar
19:59 Padded Archer Armor
27:54 Leather Archer Armor
29:47 Ring Archer Armor
32:24 Bow Saw
32:15 Heavy Plow
33:49 Town Watch
[AFK]The_Offwo
10:28 Feudal Age
14:00 Castle Age
12:07 Double-Bit Axe
12:20 Horse Collar
14:54 Bow Saw
19:28 Wheelbarrow
19:55 Loom
20:06 Gold Mining
22:38 Bloodlines
23:12 Forging
Connection lost

Rejoining the realm…

Still unreachable

The connection could not be restored.

Session expired

The server has moved on; the page needs a fresh start.